 Dungeon Crawl Stone Soup version 0.28-a0-697-g47f3eba078 (webtiles) character file.

Game seed: 16512392822401151131

36 AttackTheMoon the Cudgeller (level 3, -2/37 HPs)
             Began as a Troll Monk on Oct 24, 2021.
             Slain by Terence (10 damage)
             ... on level 2 of the Dungeon.
             The game lasted 00:01:04 (641 turns).

AttackTheMoon the Cudgeller (Troll Monk)             Turns: 641, Time: 00:01:04

Health: -2/37      AC:  4    Str: 20    XL:     3   Next: 19%
Magic:  2/2        EV: 10    Int:  6    God:
Gold:   38         SH:  0    Dex: 12    Spells: 2/2 levels left

rFire   . . .      SeeInvis .   a - +0 mace
rCold   . . .      Faith    .   (no shield)
rNeg    . . .      Spirit   .   b - +0 robe
rPois   .          Reflect  .   (helmet restricted)
rElec   .          Harm     .   (no cloak)
rCorr   .          Rampage  .   (gloves unavailable)
Will    .....                   (boots unavailable)
Stlth   ++........              (no amulet)
HPRegen 1.12/turn               (no ring)
MPRegen 0.08/turn               (no ring)

@: no status effects
A: large, unfitting armour, claws 3, regeneration 1, shaggy fur 1, tough skin 1
a: no special abilities


You were on level 2 of the Dungeon.
You visited 1 branch of the dungeon, and saw 2 of its levels.

You collected 38 gold pieces.

Inventory:

Hand Weapons
 a - a +0 mace (weapon)
Armour
 b - a +0 robe (worn)
Potions
 e - a potion of curing


   Skills:
 + Level 3.0 Fighting
 + Level 3.3 Maces & Flails
 - Level 2.4 Dodging
 - Level 1.0 Stealth


You had 2 spell levels left.
You didn't know any spells.
Your spell library contained the following spells:

 Spells                   Type           Power      Damage    Failure   Level
 Animate Skeleton         Necr           0%         N/A       45%         1
 Scorch                   Fire           0%         2d5       58%         2
 Ignite Poison            Fire/Tmut/Pois 0%         N/A       83%         3


Dungeon Overview and Level Annotations

Branches:
Dungeon (2/15)

Altars:

Annotations:
D:2 Terence


Innate Abilities, Weirdness & Mutations

You are too large for most types of armour.
You have claws for hands.
Your natural rate of healing is unusually fast.
You are covered in fur. (AC +1)
You have tough skin. (AC +1)


Message History

Terence is moderately wounded.
Terence barely misses you. x2
You barely miss Terence.
Terence is moderately wounded.
Terence closely misses you.
You hit Terence.
Terence is moderately wounded.
Terence closely misses you.
You hit Terence.
Terence is moderately wounded.
Terence says, "Don't bother to defend, it's pointless."
Terence closely misses you.
You barely miss Terence.
Terence is moderately wounded.
Terence closely misses you.
Terence hits you with a +2 flail of holy wrath!
You closely miss Terence.
Terence is moderately wounded.
Terence barely misses you.
You sock Terence!
Terence is almost dead.
Terence barely misses you.
You closely miss Terence.
Terence is severely wounded.
Terence hits you with a +2 flail of holy wrath!
You hit Terence.
Terence is almost dead.
Terence barely misses you.
Terence hits you with a +2 flail of holy wrath.
You hit Terence but do no damage.
Terence is almost dead.
Terence closely misses you.
You barely miss Terence.
Terence is almost dead.
Terence hits you with a +2 flail of holy wrath!
* * * LOW HITPOINT WARNING * * *
You barely miss Terence.
Terence is almost dead.
Terence hits you with a +2 flail of holy wrath!
You die...

#.. ...##########
......†..@@.#
#####........#.###
#.#.#.......#....#
.##.#.......#.###.#
...........#.## ..#
..........#.## .#
.........#.## .#
........#.## # #.
#...#.##


You could see Terence.

Vanquished Creatures
  2 dart slugs (D:1)
  3 ball pythons
  5 bats
  3 endoplasms (D:1)
  A giant cockroach (D:1)
  3 goblins (D:1)
  3 hobgoblins (D:1)
  A quokka (D:1)
  A frilled lizard (D:1)
  2 kobolds (D:1)
  5 rats (D:1)
29 creatures vanquished.

Notes
Turn   | Place    | Note
-------+----------+-------------------------------------------
     0 | D:1      | AttackTheMoon the Troll Monk began the quest for the Orb.
     0 | D:1      | Reached XP level 1. HP: 22/22 MP: 0/0
    68 | D:1      | Reached XP level 2. HP: 28/29 MP: 1/1
    84 | D:1      | Got the Incunabulum of Heat and Darkness
   303 | D:1      | Reached XP level 3. HP: 37/37 MP: 2/2
   594 | D:2      | Noticed Terence
   641 | D:2      | Slain by Terence

Illustrated notes

Levels and vault maps discovered:
D:1:      dpeg_arrival_stonehenge_8_columns, layout_rooms, serial_glass,
          glass_columns_c, glass_columns_b, glass_columns_a, glass_columns_a,
          glass_columns_c, glass_columns_a, glass_columns_b, glass_columns_a,
          glass_columns_c, glass_columns_a, glass_columns_a, glass_columns_a,
          glass_columns_c, glass_columns_c, minmay_strange_pillars,
          minmay_strange_pillars, item_on_display_a, minmay_strange_pillars
D:2:      wad_pebble_path, layout_rooms, due_unseen_surprise, uniq_terence

Skill      XL: |  1  2 |
---------------+-------+-----
Maces & Flails | 3 |  3.3
Fighting       | 3 |  3.0
Dodging        | |  2.4
Stealth        | |  1.0

Action                   || total
-------------------------++-------
Melee: Mace              ||   101
  Use: Scroll            ||     4
       Potion            ||     1
 Stab: Sleeping          ||     4
Armor: Robe              ||    35
Dodge: Dodged            ||    58

Table legend: (Time is in decaauts)
 A = Elapsed time spent in this place.
 B = Non-inter-level travel time spent in this place.
 C = Inter-level travel time spent in this place.
 D = Time resting spent in this place.
 E = Time spent auto-exploring this place.
 F = Levels seen in this place.
 G = Mean time per level.
                   A        B        C        D        E       F      G
               +--------+--------+--------+--------+--------+-----+--------+
         Total |    665 |    645 |     20 |      7 |    372 |   2 |  332.5 |
       Dungeon |    665 |    645 |     20 |      7 |    372 |   2 |  332.5 |
               +--------+--------+--------+--------+--------+-----+--------+

Top non-repeatable levels by time:
     D:1: 609 daAuts
     D:2: 56 daAuts
